 Dungeon Crawl Stone Soup version 0.14-a0-2381-g4cacdb4 (webtiles) character file.

638 Kae the Sneak (level 6, -7/28 HPs)
             Began as a Spriggan Enchanter on Feb 2, 2014.
             Killed by divine providence
             ... invoked by an orc priest
              (16 damage)
             ... on Level 5 of the Dungeon.
             The game lasted 00:09:32 (4943 turns).

Kae the Sneak (Spriggan Enchanter)                  Turns: 4943, Time: 00:09:32

HP  -7/28        AC  3     Str  6      XL: 6   Next: 69%
MP  18/20        EV 20     Int 17      God:
Gold 200         SH  0     Dex 16      Spells:  3 memorised,  8 levels left

rFire  + . .     SeeInvis +     a - +2 dagger (curse)
rCold  x . .     Clarity  .     b - +1 robe (curse)
rNeg   + . .     Conserve .     (shield restricted)
rPois  .         rCorr    .     (helmet restricted)
rElec  .         rRot     .     (no cloak)
SustAb . .       Spirit   .     (gloves unavailable)
rMut   .         Warding  +     (boots unavailable)
Saprov . . .     Stasis   .     f - cursed amulet of warding
MR     +....                    (no ring)
                                g - ring of fire

@: very quick, somewhat resistant to hostile enchantments, very stealthy
A: unfitting armour, horns 1, see invisible, herbivore 3, speed 3, slow
metabolism 2, spit poison 1
a: Spit Poison


You were on level 5 of the Dungeon.
You were not hungry.

You visited 1 branch of the dungeon, and saw 5 of its levels.
You also visited: Sewer.

You collected 200 gold pieces.

Inventory:

Hand weapons
 a - a cursed +2,+2 dagger (weapon)
Missiles
 d - 12 darts (quivered)
Armour
 b - a cursed +1 robe (worn)
Magical devices
 t - a wand of random effects (14) {unknown}
Comestibles
 h - a cheese
 v - an apple
 w - 5 oranges
 x - an apricot
 F - 12 grapes
Scrolls
 m - 3 scrolls of teleportation
 r - a scroll of fog
 A - 2 scrolls of remove curse {unknown}
Jewellery
 f - a cursed amulet of warding (around neck)
 g - a ring of fire (left hand)
Potions
 e - 2 potions of magic
 i - a potion of flight {unknown}
 j - a potion of decay {unknown}
 k - 4 potions of curing
 l - 3 potions of agility {unknown}
 n - 2 potions of might {unknown}
 o - a potion of cure mutation {unknown}
 p - a potion of brilliance {unknown}
 q - a potion of resistance
 s - 5 potions of heal wounds
 z - a potion of berserk rage {unknown}
 D - a potion of restore abilities {unknown}
Books
 c - a book of Maledictions

   Spells                             Type                      Level
   *Corona                            Hexes                        1
   Sure Blade                         Hexes/Charms                 2
   *Ensorcelled Hibernation           Hexes/Ice                    2
   *Confuse                           Hexes                        3
   Enslavement                        Hexes                        4
   Invisibility                       Hexes                        6
 u - a book of Summonings

   Spells                             Type                      Level
   Abjuration                         Summoning                    3
   Recall                             Summoning/Translocation      3
   Summon Elemental                   Summoning                    4
   Shadow Creatures                   Summoning                    5
   Summon Demon                       Summoning                    5
   Summon Ugly Thing                  Summoning                    6


   Skills:
 - Level 0.1 Fighting
 * Level 2.0 Short Blades
 - Level 1.1 Throwing
 - Level 4.9 Dodging
 * Level 6.6 Stealth
 + Level 4.5 Spellcasting
 + Level 5.1 Hexes
 - Level 1.2 Ice Magic


You had 8 spell levels left.
You knew the following spells:

 Your Spells              Type           Power        Failure   Level  Hunger
a - Corona                Hex            ###....      1%          1    None
b - Ensorcelled Hibernat  Hex/Ice        #.....       10%         2    #......
c - Confuse               Hex            ###.....     8%          3    ###....


Dungeon Overview and Level Annotations

Branches:
Dungeon (5/16)
 Temple: D:4-7

Altars:
Fedhas
Kikubaaqudgha
Trog


Innate Abilities, Weirdness & Mutations

You are tiny and cannot use many weapons and most armour.
You have supernaturally acute eyesight.
You are a herbivore.
You cover ground extremely quickly.
You need consume almost no food.
You have a pair of small horns on your head.
You can spit poison.


Message History

An orc comes into view.
It is wielding an orcish dagger. 2 orcs and an orc priest come into view.
The orc shouts!
An orc comes into view. It is wielding an orcish hand axe.
A goblin comes into view. It is wielding a dwarven dagger.
The orc shouts!
The rat skeleton misses you.
Found a scroll labeled TREYLI TUAST.
You hit the rat skeleton. You hit the orc.
The orc is severely wounded.
The orc priest invokes the aid of Beogh against you.
Something smites you!
Ouch! That really hurt!
* * * LOW HITPOINT WARNING * * *
The rat skeleton bites you but does no damage.
The orc priest calls down the wrath of Beogh upon you.
Something smites you!
Ouch! That really hurt!
You die...

#.#..# #...###.
####.#.%# ####
#####...
#o...#..##...# #...
#....#.......# #...
#..o.#..$....##
#....
#...o.......=...
..<...
.###.##o#..#####...
.#....
........o..........
.....
......#z#@.#####.
.... ..g. #.#..# #.
. . .?#..# ### #.
...#..# #...#.
....#..# #...#.
...#.#..# ####...#.
........ ......(...
...%. ...........
#(. #......##.


You could see an orc priest and 4 orcs.

Vanquished Creatures
  A crimson imp (D:5)
  An orc priest (D:3)
  A jelly (D:5)
  An orc wizard (D:3)
  A scorpion (D:4)
  Jessica (D:2)
  6 adders
  A giant centipede (D:4)
  3 green rats (Sewer)
  2 inept feature mimics (Sewer)
  A worm (D:3)
  15 grey rats (Sewer)
  2 giant geckos
  2 oozes
  11 orcs
  7 ball pythons
  8 giant cockroaches
  11 goblins
  2 hobgoblins (D:2)
  4 jackals (D:4)
  2 quokkas (D:2)
  8 bats
  4 giant newts
  A gnoll skeleton (D:5)
  19 kobolds
  11 rats
126 creatures vanquished.

Notes
Turn   | Place    | Note
--------------------------------------------------------------
     0 | D:1      | Kae, the Spriggan Enchanter, began the quest for the Orb.
     0 | D:1      | Reached XP level 1. HP: 9/9 MP: 4/4
   369 | D:1      | Reached XP level 2. HP: 13/13 MP: 7/7
   373 | D:1      | Learned a level 2 spell: Ensorcelled Hibernation
   766 | D:2      | Reached skill level 4 in Hexes
   945 | D:2      | Noticed Jessica
   957 | D:2      | Killed Jessica
   957 | D:2      | Reached XP level 3. HP: 14/16 MP: 8/10
  1156 | D:2      | Found a bloodstained altar of Trog.
  1156 | D:2      | Found an ancient bone altar of Kikubaaqudgha.
  1438 | D:2      | Found a blossoming altar of Fedhas.
  1846 | D:3      | Reached XP level 4. HP: 21/21 MP: 10/13
  1882 | D:3      | Learned a level 3 spell: Confuse
  2023 | D:3      | Reached skill level 5 in Stealth
  2632 | D:3      | Reached XP level 5. HP: 10/24 MP: 6/16
  3549 | D:4      | Gained mutation: You can spit poison. [potion of beneficial mutation]
  3550 | D:4      | Gained mutation: You have a pair of small horns on your head. [potion of beneficial mutation]
  3618 | D:4      | Found a glowing drain.
  3655 | Sewer    | Entered a sewer
  4070 | Sewer    | Reached skill level 1 in Ice Magic
  4308 | Sewer    | Reached XP level 6. HP: 28/28 MP: 16/20
  4488 | Sewer    | Reached skill level 6 in Stealth
  4493 | Sewer    | Reached skill level 5 in Hexes
  4834 | D:5      | Entered Level 5 of the Dungeon
  4943 | D:5      | Killed from afar by an orc priest

Action                   |  1- 3 |  4- 6 || total
-------------------------+-------+-------++-------
Melee: Dagger            |   140 |   213 ||   353
 Cast: Ensorcelled Hiber |     8 |    86 ||    94
       Corona            |     2 |     5 ||     7
  Use: Scroll            |       |    16 ||    16
       Potion            |       |     3 ||     3
 Stab: Sleeping          |    14 |    55 ||    69
       Distracted        |       |     2 ||     2
